 Dungeon Crawl Stone Soup version 0.27-a0-46-g34d46f0a3f (webtiles) character file.

Game seed: 8390350020483139336

333 Borgoz the Cudgeller (level 6, -6/38 HPs)
             Began as a Gargoyle Gladiator on Jan 6, 2021.
             Mangled by an ogre
             ... wielding a cursed +0 giant spiked club
              (20 damage)
             ... on level 4 of the Dungeon.
             The game lasted 00:03:27 (3387 turns).

Borgoz the Cudgeller (Gargoyle Gladiator)           Turns: 3387, Time: 00:03:28

Health: -6/38      AC: 11    Str: 17    XL:     6   Next: 53%
Magic:  6/6        EV: 12    Int:  9    God:
Gold:   138        SH:  0    Dex: 13    Spells: 5/5 levels left

rFire    . . .     SeeInvis .   a - +1 flail
rCold    . . .     Faith    .   (no shield)
rNeg     + . .     Spirit   .   l - +0 ring mail
rPois    ∞         Reflect  .   n - +0 helmet
rElec    +         Harm     .   (no cloak)
rCorr    .         Rampage  .   (no gloves)
Will     .....                  (no boots)
Stlth    +.........             (no amulet)
HPRegen  0.12/turn              (no ring)
MPRegen  0.10/turn              (no ring)

@: no status effects
A: negative energy resistance 1, electricity resistance, unbreathing,
petrification resistance, miasma immunity, AC +4
a: no special abilities


You were on level 4 of the Dungeon.
You visited 1 branch of the dungeon, and saw 4 of its levels.

You collected 138 gold pieces.

Inventory:

Hand Weapons
 a - a +1 flail (weapon)
Armour
 l - a +0 ring mail (worn)
 n - a +0 helmet (worn)
Wands
 c - a wand of acid (10)
Scrolls
 e - 2 scrolls of immolation {unknown}
 f - a scroll of amnesia
 i - 3 scrolls of teleportation
 k - a scroll of fear {unknown}
 m - a scroll of remove curse
 p - a scroll of enchant weapon
Potions
 b - a potion of brilliance
 g - a potion of might
 h - a potion of haste {unknown}
 j - a potion of curing
 o - a potion of resistance {unknown}
 q - a potion of degeneration {unknown}
 r - a potion of heal wounds {unknown}


   Skills:
 + Level 3.7 Fighting
 * Level 5.0 Maces & Flails
 - Level 1.7 Throwing
 + Level 2.8 Armour
 + Level 3.3 Dodging


You had 5 spell levels left.
You didn't know any spells.
Your spell library was empty.

Dungeon Overview and Level Annotations

Branches:
Dungeon (4/15)
 Temple: D:4-7

Altars:
Gozag
Yredelemnul
The Shining One


Innate Abilities, Weirdness & Mutations

You are resistant to torment.
Your stone body is resilient. (AC +4)
You are immune to poison.
You resist negative energy. (rN+)
You are resistant to electric shocks. (rElec)
You can survive without breathing.
You are immune to petrification.
You are immune to miasma.


Message History

The ogre is severely wounded.
The adder bites you.
* * * LOW HITPOINT WARNING * * *
The ogre struggles against the net.
The net rips apart, and the ogre comes free!
You feel better. The adder barely misses you. The ogre closely misses you.
The adder closely misses you.
You barely miss the ogre.
The ogre is severely wounded.
The adder bites you. The ogre barely misses you.
You barely miss the ogre.
The ogre is severely wounded.
The adder closely misses you. The ogre closely misses you.
The adder bites you but does no damage.
You hit the ogre but do no damage.
The ogre is severely wounded.
The adder bites you but does no damage.
The ogre hits you with a cursed +0 giant spiked club!!
Ouch! That really hurt!
You die...

### ..# #.# #
##.## #.#...##
#.....O###.#
#...S@.....#
....#.....#####
# ##...## #...#
..... ##...#.
##.### #.#


You could see an ogre and an adder.

Vanquished Creatures
  Grinder (D:3)
  Jessica (D:3)
  Robin (D:2)
  An adder (D:3)
  2 dart slugs
  A leopard gecko (D:1)
  5 orcs
  2 ball pythons
  10 bats
  4 giant cockroaches
  14 goblins
  15 hobgoblins
  4 jackals (D:2)
  A quokka (D:3)
  7 frilled lizards
  8 kobolds
  9 rats
86 creatures vanquished.

Notes
Turn   | Place    | Note
-------+----------+-------------------------------------------
     0 | D:1      | Borgoz the Gargoyle Gladiator began the quest for the Orb.
     0 | D:1      | Reached XP level 1. HP: 12/12 MP: 1/1
   162 | D:1      | Reached XP level 2. HP: 18/18 MP: 2/2
  1008 | D:1      | Reached skill level 1 in Armour
  1122 | D:2      | Reached XP level 3. HP: 22/22 MP: 3/3
  1818 | D:2      | Found a basalt altar of Yredelemnul.
  1818 | D:2      | Found an opulent altar of Gozag.
  1914 | D:3      | Noticed Robin
  1920 | D:3      | Reached XP level 4. HP: 25/27 MP: 4/4
  2128 | D:2      | Killed Robin
  2254 | D:3      | Reached skill level 4 in Maces & Flails
  2557 | D:3      | Noticed Jessica
  2558 | D:3      | Killed Jessica
  2559 | D:3      | Reached XP level 5. HP: 32/32 MP: 5/5
  2643 | D:3      | Found a glowing golden altar of the Shining One.
  2668 | D:3      | Noticed Grinder
  2678 | D:3      | Paralysed by Grinder for 4 turns
  2687 | D:3      | Paralysed by Grinder for 7 turns
  2696 | D:3      | Killed Grinder
  2697 | D:3      | Reached skill level 5 in Maces & Flails
  2697 | D:3      | Reached XP level 6. HP: 8/38 MP: 6/6
  3387 | D:4      | Mangled by an ogre

Illustrated notes

Levels and vault maps discovered:
D:1:      dpeg_arrival_refuge, layout_basic
D:2:      layout_loops_ring, nicolae_overflow_hidden_temple
D:3:      layout_loops_ring, nicolae_overflow_crystal_walls, uniq_jessica,
          uniq_grinder, uniq_robin
D:4:      layout_loops_ring, minmay_temple_entry_fiery, gammafunk_ghost_smash

Skill      XL: |  1  2  3  4  5 |
---------------+----------------+-----
Armour         | 1 2 |  2.8
Maces & Flails | 4 5 |  5.0
Fighting       | 3 |  3.7
Dodging        | 3 |  3.3
Throwing       | |  1.7

Action                   |  1- 3 |  4- 6 || total
-------------------------+-------+-------++-------
Melee: Flail             |   172 |   132 ||   304
Throw: Throwing net      |       |     4 ||     4
  Use: Scroll            |     7 |       ||     7
       Potion            |       |     1 ||     1
 Stab: Sleeping          |     1 |       ||     1
       Held in net/web   |       |     1 ||     1
Armor: Leather armour    |    22 |       ||    22
       Ring mail         |    85 |    74 ||   159
Dodge: Dodged            |   141 |   111 ||   252

Table legend: (Time is in decaauts)
 A = Elapsed time spent in this place.
 B = Non-inter-level travel time spent in this place.
 C = Inter-level travel time spent in this place.
 D = Time resting spent in this place.
 E = Time spent auto-exploring this place.
 F = Levels seen in this place.
 G = Mean time per level.
                   A        B        C        D        E       F      G
               +--------+--------+--------+--------+--------+-----+--------+
         Total |   3452 |   3391 |     61 |    499 |   2235 |   4 |  863.0 |
       Dungeon |   3452 |   3391 |     61 |    499 |   2235 |   4 |  863.0 |
               +--------+--------+--------+--------+--------+-----+--------+

Top non-repeatable levels by time:
     D:3: 1189 daAuts
     D:1: 1134 daAuts
     D:2: 1116 daAuts
     D:4: 12 daAuts
